 Dungeon Crawl Stone Soup version 0.26.1-10-gdfb7c7de75 (webtiles) character file.

Game seed: 2121891451114291764

30 tardwrangler69 the Covered (level 3, 0/33 HPs)
             Began as a Minotaur Fighter on Apr 3, 2021.
             Slain by a gnoll
             ... wielding a +2 vorpal flail
              (2 damage)
             ... on level 1 of the Dungeon.
             The game lasted 00:00:46 (889 turns).

tardwrangler69 the Covered (Minotaur Fighter)        Turns: 889, Time: 00:00:47

Health: 0/33       AC: 11    Str: 20    XL:     3   Next: 5%
Magic:  2/2        EV:  7    Int:  5    God:
Gold:   43         SH:  9    Dex: 10    Spells: 2/2 levels left

rFire    . . .     SeeInvis .   a - +0 rapier
rCold    . . .     Faith    .   c - +0 kite shield
rNeg     . . .     Spirit   .   b - +0 scale mail
rPois    .         Reflect  .   (helmet restricted)
rElec    .         Harm     .   (no cloak)
rCorr    .         Rampage  .   (no gloves)
Will     .....                  (no boots)
Stlth    ..........             (no amulet)
HPRegen  0.11/turn              k - +4 ring of protection
MPRegen  0.08/turn              (no ring)

@: no status effects
A: retaliatory headbutt, horns 2
a: no special abilities


You were on level 1 of the Dungeon.
You visited 1 branch of the dungeon, and saw 2 of its levels.

You collected 43 gold pieces.

Inventory:

Hand Weapons
 a - a +0 rapier (weapon)
Armour
 b - a +0 scale mail (worn)
 c - a +0 kite shield (worn)
Jewellery
 k - a +4 ring of protection (left hand)
Scrolls
 e - a scroll of enchant armour {unknown}
 f - a scroll of noise {unknown}
 g - a scroll of identify {unknown}
 i - a scroll of amnesia {unknown}
 j - 2 scrolls of teleportation {unknown}
Potions
 d - a potion of might
 h - a potion of heal wounds {unknown}


   Skills:
 + Level 3.9 Fighting
 * Level 2.8 Short Blades
 + Level 4.0 Armour
 + Level 0.8 Dodging
 + Level 3.9 Shields


You had 2 spell levels left.
You didn't know any spells.
Your spell library was empty.

Dungeon Overview and Level Annotations

Branches:
Dungeon (2/15)

Altars:


Innate Abilities, Weirdness & Mutations

You reflexively headbutt those who attack you in melee.
You have a pair of horns on your head.


Message History

The kobold shouts!
You hear a shout!
You see here a stone.
You see here a stone.
You see here a stone.
You see here a stone.
There is a stone staircase leading up here.
The gnoll hits you with a +2 vorpal flail.
* * * LOW HITPOINT WARNING * * *
x2 You climb upwards.
There is a stone staircase leading down here.
Your shield prevents you from hitting the gnoll.
The gnoll is heavily wounded.
Your shield prevents you from hitting the gnoll.
The gnoll is heavily wounded.
The gnoll hits you but does no damage.
You closely miss the gnoll.
The gnoll is heavily wounded.
The gnoll hits you with a +2 vorpal flail.
* * * LOW HITPOINT WARNING * * *
You die...

##.##....#.# #...........#
##...##.#.#.##
##...........#
.....##.#.##.##
##.####.#...###
##...##.#.###.###.##
#.#...#
........#.####...##
##.##.## ###.##.##..#
#.#.#####...#.# #
#.##.###.# #.#.#.........#
###)##.# #.#
#.#g#.###...### .....#.#
#.# #.#@#.# ##.## ###..#.#
#.###.#.#.# #.#
###..#.###.......#.# #.#
...)รท.......##.###.####.#
.......####.##..........#
##.....####.####.....####
.....................#
##.....####.####.....#
##.........# #.....#


You could see a gnoll.

Vanquished Creatures
  A gnoll (D:1)
  An ooze (D:1)
  A dart slug (D:1)
  A leopard gecko (D:2)
  4 bats
  A goblin (D:2)
  A hobgoblin (D:1)
  A frilled lizard (D:2)
  3 kobolds
  3 rats
17 creatures vanquished.

Notes
Turn   | Place    | Note
-------+----------+-------------------------------------------
     0 | D:1      | tardwrangler69 the Minotaur Fighter began the quest for the
                  | Orb.
     0 | D:1      | Reached XP level 1. HP: 19/19 MP: 0/0
   125 | D:1      | Reached XP level 2. HP: 27/27 MP: 1/1
   747 | D:2      | Reached skill level 4 in Armour
   791 | D:2      | Reached XP level 3. HP: 33/33 MP: 2/2
   889 | D:1      | Slain by a gnoll

Illustrated notes

Levels and vault maps discovered:
D:1:      lemuel_arrival_hallway, layout_loops_ring
D:2:      layout_loops_corners, lemuel_blue_sif_altar, hex_medium, uniq_terence

Skill      XL: |  1  2 |
---------------+-------+-----
Armour         | 4 |  4.0
Fighting       | |  3.9
Short Blades   | |  2.8
Dodging        | |  0.8
Shields        | |  3.9

Action                   || total
-------------------------++-------
Melee: Rapier            ||    56
       Headbutt          ||    10
Armor: Scale mail        ||    28
Dodge: Dodged            ||    16
Block: Kite shield       ||    18
